 Dungeon Crawl Stone Soup version 0.28.0-43-g3370ac3207 (webtiles) character file.

Game seed: 9691008195729937596

928 pkoi the Conjurer (level 7, -1/50 HPs)
             Began as a Demigod Conjurer on Mar 26, 2022.
             Slain by a wyvern (10 damage)
             ... on level 5 of the Dungeon.
             The game lasted 00:06:04 (6656 turns).

pkoi the Conjurer (Demigod Conjurer)                Turns: 6656, Time: 00:06:06

Health: -1/50      AC:  4    Str:  8    XL:     7   Next: 55%
Magic:  8/16       EV: 12    Int: 28    God:
Gold:   141        SH:  0    Dex: 12    Spells: 0/13 levels left

rFire   + . .      SeeInvis .   j - +2 whip (elec)
rCold   . . .      Faith    .   (no shield)
rNeg    . . .      Spirit   .   m - +2 robe {rF+}
rPois   .          Reflect  .   (no helmet)
rElec   .          Harm     .   (no cloak)
rCorr   .          Rampage  .   (no gloves)
Will    .....                   (no boots)
Stlth   ++........              (no amulet)
HPRegen 0.16/turn               (no ring)
MPRegen 0.15/turn               (no ring)

@: no status effects
A: high MP 1, forlorn, divine attributes
a: no special abilities


You were on level 5 of the Dungeon.
You visited 1 branch of the dungeon, and saw 5 of its levels.

You collected 141 gold pieces.

Inventory:

Hand Weapons
 b - a +0 dagger
 j - a +2 whip of electrocution (weapon)
 k - a +5 war axe
Armour
 a - a +0 robe
 m - a +2 robe of fire resistance (worn)
Wands
 g - a wand of mindburst (5)
 l - a wand of polymorph (8)
Scrolls
 c - a scroll of magic mapping
 d - a scroll of amnesia
 e - 4 scrolls of identify
Potions
 f - a potion of attraction
 h - a potion of heal wounds
 i - a potion of mutation


   Skills:
 - Level 1.7 Dodging
 - Level 1.7 Stealth
 + Level 3.9 Spellcasting
 + Level 6.0 Conjurations
 + Level 2.2 Translocations
 - Level 3.0 Air Magic
 + Level 3.1 Poison Magic


You couldn't memorise any spells.
You knew the following spells:

 Your Spells              Type           Power      Damage    Failure   Level
a - Magic Dart            Conj           100%       1d8       1%          1
b - Searing Ray           Conj           78%        2d7       1%          2
c - Poisonous Vapours     Pois/Air       44%        N/A       3%          2
d - Iskenderun's Mystic   Conj/Tloc      28%        2d7       14%         4
e - Olgreb's Toxic Radia  Pois           22%        N/A       21%         4

Your spell library contained the following spells:

 Spells                   Type           Power      Damage    Failure   Level
 Sting                    Tmut/Pois      56%        1d5       4%          1
 Dazzling Flash           Conj/Hex       44%        N/A       6%          3
 Ozocubu's Armour         Ice            5%         N/A       22%         3
 Fulminant Prism          Conj/Hex       11%        3d9       22%         4
 Metabolic Englaciation   Hex/Ice        2%         N/A       91%         5
 Simulacrum               Ice/Necr       2%         N/A       100%        6


Dungeon Overview and Level Annotations

Branches:
Dungeon (5/15)
 Temple: D:4-7

Shops:
D:5 [[


Innate Abilities, Weirdness & Mutations

You have an increased reservoir of magic. (+10% MP)
You shall have no god before yourself.
Your divine heritage dramatically boosts your attributes as you level up.


Message History

The wyvern hisses angrily.
There is an entrance to Bufia's Armour Boutique here.
Casting: Searing Ray (safe; 1% risk of failure)
Confirm with . or Enter, or press ? or * to list all spells.
Aiming: Searing Ray (safe; 1% risk of failure)
Press: ? - help, Shift-Dir - straight line, f - wyvern
Aim: a wyvern (81% to hit)
The searing ray hits the wyvern but does no damage. (Press . to maintain the ray.) Unknown command.
The searing ray hits the wyvern but does no damage.
The searing ray hits the wyvern.
The wyvern is lightly wounded.
The wyvern bites you.
The searing ray hits the wyvern!
The wyvern is heavily wounded.
You finish channelling your searing ray.
The wyvern barely misses you. The wyvern bites you!
* * * LOW HITPOINT WARNING * * *
Unknown command.
Casting: Searing Ray (safe; 1% risk of failure)
Confirm with . or Enter, or press ? or * to list all spells.
Aiming: Searing Ray (safe; 1% risk of failure)
Press: ? - help, Shift-Dir - straight line, f/p - wyvern
Aim: a wyvern (heavily wounded, 81% to hit)
The searing ray hits the wyvern!
The wyvern is severely wounded. (Press . to maintain the ray.)
The wyvern bites you!
* * * LOW HITPOINT WARNING * * *
The searing ray hits the wyvern.
The wyvern is almost dead.
The wyvern bites you!
* * * LOW HITPOINT WARNING * * *
The wyvern bites you!
* * * LOW HITPOINT WARNING * * *
The searing ray hits the wyvern.
The wyvern is almost dead.
The wyvern bites you!
You die...

.... #..........
....... #......#.##
.......##..<......#
......†.#.........#
#.............#..##
##......#.....8.8.8
.......##.##...⌠.⌠.
..............8.∩.8
#...).l@.......⌠.⌠.
##............8.8.8
..................
##...............
....(..##........
....... (....#...
....... ..#.#####
..##... .##.


You could see a wyvern.

Vanquished Creatures
  Pikel (D:3)
  Duvessa (D:4)
  A necrophage (D:5)
  A lemure (D:4)
  Dowan (D:4)
  A centaur zombie (D:5)
  An orc priest (D:3)
  An iguana (D:5)
  A hound skeleton (D:2)
  3 gnolls (D:2)
  2 adders
  A shadow imp (D:3)
  2 worms
  3 dart slugs
  8 orcs (D:3)
  5 ball pythons
  9 bats
  5 endoplasms
  3 giant cockroaches
  7 hobgoblins
  7 jackals
  3 frilled lizards
  5 goblins
  4 kobolds
  5 rats
81 creatures vanquished.

Vanquished Creatures (collateral kills)
  A jackal (D:4)
1 creature vanquished.

Grand Total: 82 creatures vanquished

Notes
Turn   | Place    | Note
-------+----------+-------------------------------------------
     0 | D:1      | pkoi the Demigod Conjurer began the quest for the Orb.
     0 | D:1      | Reached XP level 1. HP: 14/14 MP: 5/5
   459 | D:1      | Reached XP level 2. HP: 20/20 MP: 4/7
   523 | D:1      | Reached skill level 4 in Conjurations
  1571 | D:2      | Learned a level 2 spell: Searing Ray
  1786 | D:2      | Learned a level 2 spell: Poisonous Vapours
  1833 | D:2      | Reached XP level 3. HP: 26/26 MP: 3/8
  2520 | D:2      | Reached XP level 4. HP: 16/33 MP: 2/10
  3074 | D:3      | You fall into a shaft and drop 1 floor!
  3110 | D:3      | Reached skill level 1 in Air Magic
  3206 | D:3      | Reached skill level 1 in Poison Magic
  4242 | D:3      | Reached skill level 5 in Conjurations
  4242 | D:3      | Reached XP level 5. HP: 31/38 MP: 3/11
  4746 | D:4      | Noticed Pikel
  5099 | D:4      | Noticed Duvessa
  5099 | D:4      | Noticed Dowan
  5126 | D:4      | Killed Duvessa
  5510 | D:4      | Killed Dowan
  5511 | D:4      | Reached XP level 6. HP: 41/45 MP: 13/13
  5521 | D:4      | Learned a level 4 spell: Iskenderun's Mystic Blast
  5663 | D:3      | Killed Pikel
  5664 | D:3      | Reached skill level 1 in Translocations
  5664 | D:3      | Reached XP level 7. HP: 7/50 MP: 5/15
  6429 | D:5      | Entered Level 5 of the Dungeon
  6429 | D:5      | Found Adirph's Antique Armour Boutique.
  6429 | D:5      | Found Bufia's Armour Boutique.
  6438 | D:5      | Reached skill level 6 in Conjurations
  6603 | D:5      | Learned a level 4 spell: Olgreb's Toxic Radiance
  6648 | D:5      | Noticed a wyvern
  6656 | D:5      | Slain by a wyvern

Illustrated notes

Levels and vault maps discovered:
D:1:      onia_arrival_mini_maze, layout_loops_ring
D:2:      layout_loops_corners, shapermc_ecumenical_altar_petra,
          minmay_liquid_box
D:3:      layout_basic, minmay_stone_trees_small
D:4:      layout_rooms, mainiacjoe_overflow_alcove_1,
          nicolae_wu_jian_wuxing_cycle, nicolae_hepliaklqana_hazy_memory,
          serial_rivers, chequers_serial_rivers_small_a,
          chequers_serial_rivers_micro_d, chequers_serial_rivers_micro_c,
          chequers_serial_rivers_micro_a, uniq_pikel, uniq_duvessa
D:5:      layout_cave_pools, general_overflow_altar, mainiacjoe_overflow_paths,
          serial_shops, nicolae_shop_bloodbath_and_beyond, shop, shop,
          nicolae_shop_temple_entry_statues_fountains

Skill      XL: |  1  2  3  4  5  6  7 |
---------------+----------------------+-----
Spellcasting   | 2 3 |  3.9
Conjurations   | 4 5 6 |  6.0
Air Magic      | 1 2 3 |  3.0
Poison Magic   | 1 2 3 |  3.1
Translocations | 1 2 |  2.2
Dodging        | |  1.7
Stealth        | |  1.7

Action                   |  1- 3 |  4- 6 |  7- 9 || total
-------------------------+-------+-------+-------++-------
Melee: Dagger            |    29 |    13 |       ||    42
       War axe           |       |     8 |       ||     8
 Cast: Magic Dart        |    74 |    47 |    14 ||   135
       Searing Ray       |     2 |     7 |     4 ||    13
       Poisonous Vapours |       |     1 |       ||     1
Evoke: Wand              |       |     5 |       ||     5
  Use: Scroll            |       |    10 |       ||    10
Armor: Robe              |     5 |     1 |     2 ||     8
Dodge: Dodged            |    20 |    19 |     6 ||    45
